 Dungeon Crawl Stone Soup version 0.31.0 (webtiles) character file.

Game seed: 16145018261606154611

2751 qw the Skirmisher (level 9, 0/57 HPs)
             Began as a Gargoyle Hunter on Jan 19, 2024.
             Was an Initiate of Okawaru.
             Slain by a gnoll
             ... wielding a +0 halberd
             ... led by a gnoll sergeant
              (9 damage)
             ... on level 8 of the Dungeon.
             The game lasted 00:01:08 (7288 turns).

qw the Skirmisher (Gargoyle Hunter)                 Turns: 7288, Time: 00:01:09

Health: 0/57       AC: 13    Str: 19    XL:     9   Next: 68%
Magic:  9/9        EV: 14    Int:  9    God:    Okawaru [......]
Gold:   334        SH:  0    Dex: 22    Spells: 8/8 levels left

rFire   . . .        a - +1 shortbow
rCold   . . .        (shield currently unavailable)
rNeg    + . .        k - +1 robe {Will+}
rPois   inf          j - +0 helmet {SInv}
rElec   +            (no cloak)
rCorr   +            i - +0 pair of gloves
SInv    +            h - +1 pair of boots
Will    ++...        l - amulet "Foepro Muppe" {Faith rCorr}
Stlth   ++           g - +6 ring of dexterity
HPRegen 0.29/turn    (no ring)
MPRegen 0.11/turn

%: faith
@: no status effects
A: sickness immunity, AC +6, negative energy resistance 1, electricity
resistance, torment resistance 1, petrification resistance, strong-willed 1,
strong 1
a: Renounce Religion


You were on level 8 of the Dungeon.
You worshipped Okawaru.
Okawaru was noncommittal.
You visited 2 branches of the dungeon, and saw 9 of its levels.

You collected 334 gold pieces.


Innate Abilities, Weirdness & Mutations

You are immune to sickness and miasma.
Your stone body is resilient. (AC +6)
You are immune to poison.
You resist negative energy. (rN+)
You are resistant to electric shocks. (rElec)
You are resistant to unholy torment.
You are immune to petrification.
You are strong-willed. (Will+)
Your muscles are strong. (Str +4, Int/Dex -1)


   Skills:
 + Level 7.0 Fighting
 - Level 11.0 Ranged Weapons
 - Level 2.3 Armour
 - Level 4.0 Dodging
 - Level 1.1 Stealth


You had 8 spell levels left.
You didn't know any spells.
Your spell library was empty.

Inventory:

Hand Weapons
 a - a +1 shortbow (weapon)
Armour
 f - a +0 ring mail
 h - a +1 pair of boots (worn)
 i - a +0 pair of gloves (worn)
 j - a +0 helmet of see invisible (worn)
 k - a +1 robe of willpower (worn)
Jewellery
 g - a +6 ring of dexterity (left hand)
 l - the amulet "Foepro Muppe" (around neck) {Faith rCorr}
   (You found it on level 5 of the Dungeon)

   [amulet of faith]

   Faith:     It allows you to gain divine favour quickly.
   rCorr:     It protects you from acid and corrosion.
Wands
 c - a wand of charming (9)
 d - a wand of polymorph (4)
Scrolls
 e - a scroll of summoning {unknown}
Potions
 b - 2 potions of curing
 m - a potion of resistance

Dungeon Overview and Level Annotations

Branches:
Dungeon (8/15)             Temple (1/1) D:7
   Lair: D:8-11

Altars:
Ashenzari
Cheibriados
Dithmenos
Elyvilon
Gozag
Kikubaaqudgha
Makhleb
Nemelex Xobeh
Okawaru
Qazlal
Ru
Sif Muna
Trog
Vehumet
Xom
Yredelemnul
Zin
The Shining One

Shops:
D:4 (   D:5 [

Annotations:
D:6 3 runed translucent doors, qw's ghost, novice GrHu
D:7 1 runed translucent door, qw's ghost, novice GrHu


Message History

The gnoll hits you from afar with a +0 halberd.
The gnoll hits you but does no damage. The gnoll sergeant barely misses you.
You shoot an arrow. The arrow hits the gnoll sergeant.
The gnoll sergeant is severely wounded.
You hear a loud, deep croak!
The gnoll barely misses you.
The gnoll hits you from afar with a +0 spear.
The gnoll sergeant misses you.
You shoot an arrow. The arrow hits the gnoll sergeant!
You kill the gnoll sergeant!
Okawaru accepts your kill. The gnoll barely misses you. x2
Your Ranged Weapons skill increases to level 11!
You shoot an arrow. The arrow barely misses the gnoll.
A bullfrog comes into view.
The gnoll hits you but does no damage.
Enter note:
7283 ||| RETREEEEATING.
The gnoll attacks as it pursues you! The gnoll barely misses you.
You shoot an arrow. The arrow misses the bullfrog.
The arrow hits the gnoll.
The gnoll is lightly wounded.
The bullfrog barely misses you. The bullfrog misses you.
You shoot an arrow. The arrow hits the bullfrog.
The bullfrog is lightly wounded.
The gnoll completely misses you.
The bullfrog hits you but does no damage.
You shoot an arrow. The arrow closely misses the bullfrog.
The arrow hits the gnoll.
The gnoll is moderately wounded.
The bullfrog barely misses you. The gnoll misses you.
You shoot an arrow. The arrow barely misses the bullfrog.
The arrow barely misses the gnoll. x2
The bullfrog barely misses you.
The gnoll hits you from afar with a +0 halberd.
You shoot an arrow. The arrow barely misses the bullfrog.
The arrow hits the gnoll but does no damage.
The gnoll is moderately wounded.
The bullfrog closely misses you. The bullfrog misses you.
The gnoll hits you from afar with a +0 halberd!
You die...

..##.# .....g
##.##.######.
....g.......
#####.##.#...)#
#...#%##.#..).#
#...#.%.......+
##..####).)...# ###
##....@Fgg.....#
#.####.#..####g.))..#
#............#......#
#....#.#..##....#+###
#....#.#..##....#.#
#....#.#......#.#.#
#####.####.#..###.#.#.#
#....).....#......#.#.#
#####........#........#


You could see a bullfrog and 3 gnolls.

Vanquished Creatures
  Jeremiah (D:6)
  Sigmund (D:6)
  A water moccasin (D:7)
  2 orc warriors
  An ice beast (D:5)
  A sky beast (D:6)
  An ogre (D:5)
  3 bullfrogs
  A kobold brigand (D:7)
  A gnoll sergeant (D:8)
  3 scorpions
  8 killer bees
  4 crimson imps (D:6)
  A bombardier beetle (D:7)
  5 hounds
  4 jellies
  5 orc priests
  2 sleepcaps (D:5)
  An iguana (D:6)
  An orc wizard (D:7)
  3 gnolls
  5 adders
  A white imp (D:8)
  2 ufetubi (D:6)
  5 dart slugs
  20 orcs
  5 endoplasms
  7 giant cockroaches
  11 goblins
  2 hobgoblins
  11 kobolds
  7 quokkas
  3 ball pythons
  3 bats (D:1)
  3 frilled lizards
  7 rats
142 creatures vanquished.

Notes
Turn   | Place    | Note
-------+----------+-------------------------------------------
     0 | D:1      | qw the Gargoyle Hunter began the quest for the Orb.
     0 | D:1      | Reached XP level 1. HP: 12/12 MP: 1/1
     0 | D:1      | Noticed a large abomination
     0 | D:1      | 0 ||| qw: Version: 0.3-a-132-g3d54051
     0 | D:1      | 0 ||| qw: Game counter: 168
     0 | D:1      | 0 ||| qw: Melee chars always use a shield: true
     0 | D:1      | 0 ||| qw: God list: Okawaru
     0 | D:1      | 0 ||| qw: Allow faded altars: false
     0 | D:1      | 0 ||| qw: Do Orc after clearing Dungeon:15 true
     0 | D:1      | 0 ||| qw: Do second Lair branch before Depths: true
     0 | D:1      | 0 ||| qw: Lair rune preference: random
     0 | D:1      | 0 ||| qw: Goals: Normal
     0 | D:1      | 0 ||| PLANNING D:1-11
     2 | D:1      | Noticed a large abomination
     4 | D:1      | Noticed a large abomination
     4 | D:1      | Noticed a large abomination
     6 | D:1      | Noticed a large abomination
     7 | D:1      | Noticed a large abomination
     8 | D:1      | Noticed a large abomination
    11 | D:1      | Noticed a large abomination
    13 | D:1      | Noticed a small abomination
    15 | D:1      | Noticed a large abomination
    15 | D:1      | Noticed a large abomination
    17 | D:1      | Noticed a large abomination
    17 | D:1      | Noticed a large abomination
    17 | D:1      | Noticed a large abomination
    19 | D:1      | Noticed a small abomination
    19 | D:1      | Noticed a large abomination
    88 | D:1      | Reached XP level 2. HP: 14/17 MP: 2/2
   244 | D:1      | Found a faded altar of an unknown god.
   489 | D:1      | Reached XP level 3. HP: 21/21 MP: 3/3
   503 | D:1      | Reached skill level 5 in Ranged Weapons
   792 | D:1      | 792 ||| UPGRADING to +0 ring mail.
   802 | D:1      | 802 ||| DROPPING +0 leather armour.
   803 | D:1      | 803 ||| UPGRADING to +0 pair of boots.
   808 | D:1      | 808 ||| READING scroll labelled XALUFR HEFRESH.
   809 | D:1      | 809 ||| READING scroll labelled PAZXAZ YROARUKE.
   813 | D:1      | 813 ||| READING scroll labelled SOSEFIREIR.
   831 | D:1      | 831 ||| DROPPING scroll of butterflies.
  1065 | D:2      | Reached skill level 1 in Armour
  1124 | D:2      | 1124 ||| FLEEEEING.
  1563 | D:2      | 1563 ||| READING scroll labelled XOEMUH QOGERCH.
  1564 | D:2      | 1564 ||| READING scroll labelled DIMEIS DELASA.
  1665 | D:2      | 1665 ||| READING scroll labelled ROLUW HALIT.
  1666 | D:2      | 1666 ||| READING scroll labelled RIGYHEATU.
  1666 | D:2      | 1666 ||| IDENTIFYING metallic white potion
  1667 | D:2      | 1667 ||| DRINKING 2 fizzy dark potions.
  1668 | D:2      | 1668 ||| DROPPING potion of degeneration.
  1870 | D:3      | 1870 ||| FLEEEEING.
  1899 | D:3      | Reached XP level 4. HP: 27/27 MP: 4/4
  1923 | D:3      | Reached skill level 3 in Fighting
  2080 | D:3      | HP: 7/28 [orc priest/+0 mace (3)]
  2081 | D:3      | 2081 ||| READING 2 scrolls of teleportation.
  2084 | D:3      | 2084 ||| FLEEEEING.
  2561 | D:3      | 2561 ||| READING 2 scrolls of identify.
  2561 | D:3      | 2561 ||| IDENTIFYING murky ruby potion
  2562 | D:3      | 2562 ||| READING scroll of identify.
  2562 | D:3      | 2562 ||| IDENTIFYING metallic inky potion
  2563 | D:3      | 2563 ||| READING scroll labelled FETZAA PAAH.
  2563 | D:3      | 2563 ||| ENCHANTING +0 pair of boots.
  2564 | D:3      | 2564 ||| READING scroll labelled DIAQER KOMAGI.
  2564 | D:3      | 2564 ||| ENCHANTING +0 shortbow.
  2565 | D:3      | 2565 ||| READING scroll labelled HUAR PEBAO.
  2566 | D:3      | 2566 ||| DRINKING 3 glowing emerald potions.
  2566 | D:3      | Gained mutation: Your spells are a little easier to cast,
                  | but a little less powerful. [potion of mutation]
  2566 | D:3      | Gained mutation: You have sharp fingernails. [potion of
                  | mutation]
  2566 | D:3      | Gained mutation: You are vulnerable to heat. (rF-) [potion
                  | of mutation]
  2567 | D:3      | 2567 ||| DRINKING 2 potions of mutation.
  2567 | D:3      | Lost mutation: You have sharp fingernails. [potion of
                  | mutation]
  2567 | D:3      | Lost mutation: Your spells are a little easier to cast, but
                  | a little less powerful. [potion of mutation]
  2567 | D:3      | Lost mutation: You are vulnerable to heat. (rF-) [potion of
                  | mutation]
  2567 | D:3      | Gained mutation: Your spells are a little harder to cast,
                  | but a little more powerful. [potion of mutation]
  2567 | D:3      | Gained mutation: You are occasionally teleported next to
                  | monsters. [potion of mutation]
  2567 | D:3      | Gained mutation: Your body sometimes deteriorates upon
                  | taking damage. [potion of mutation]
  2568 | D:3      | 2568 ||| DRINKING potion of mutation.
  2568 | D:3      | Lost mutation: Your spells are a little harder to cast, but
                  | a little more powerful. [potion of mutation]
  2568 | D:3      | Lost mutation: You are occasionally teleported next to
                  | monsters. [potion of mutation]
  2568 | D:3      | Lost mutation: Your body sometimes deteriorates upon taking
                  | damage. [potion of mutation]
  2568 | D:3      | Gained mutation: You are strong-willed. (Will+) [potion of
                  | mutation]
  2568 | D:3      | Gained mutation: Your muscles are strong. (Str +4, Int/Dex
                  | -1) [potion of mutation]
  2569 | D:3      | 2569 ||| DROPPING potion of attraction.
  2676 | D:4      | Reached XP level 5. HP: 32/32 MP: 5/5
  2714 | D:4      | Found Liydghel's Weapon Shop.
  2821 | D:4      | Reached skill level 6 in Ranged Weapons
  2821 | D:4      | 2821 ||| FLEEEEING.
  2824 | D:4      | 2824 ||| STAIRDANCE
  3011 | D:4      | 3011 ||| READING scroll labelled BINUTE CAICVITT.
  3044 | D:5      | Entered Level 5 of the Dungeon
  3047 | D:5      | 3047 ||| STAIRDANCE
  3239 | D:5      | Reached XP level 6. HP: 36/39 MP: 6/6
  3276 | D:5      | 3276 ||| FLEEEEING.
  3502 | D:5      | Noticed an ice beast
  3511 | D:5      | Killed an ice beast
  3529 | D:5      | Reached skill level 7 in Ranged Weapons
  3626 | D:5      | Reached XP level 7. HP: 39/44 MP: 7/7
  3626 | D:5      | 3626 ||| FLEEEEING.
  3742 | D:5      | Found a broken altar of Ashenzari.
  3856 | D:5      | Reached skill level 8 in Ranged Weapons
  3856 | D:5      | 3856 ||| FLEEEEING.
  4061 | D:5      | Identified the amulet "Foepro Muppe" {Faith rCorr}
  4089 | D:5      | Noticed an animated plate armour
  4099 | D:5      | Found Liedgh's Armour Shop.
  4101 | D:5      | Noticed an animated gold dragon scales
  4305 | D:5      | 4305 ||| UPGRADING to +0 pair of gloves.
  4310 | D:5      | 4310 ||| UPGRADING to amulet "Foepro Muppe" {Faith rCorr}.
  4315 | D:5      | 4315 ||| READING 2 scrolls of identify.
  4315 | D:5      | 4315 ||| IDENTIFYING red potion
  4316 | D:5      | 4316 ||| READING scroll of identify.
  4316 | D:5      | 4316 ||| IDENTIFYING purple potion
  4317 | D:5      | 4317 ||| READING scroll labelled SOOBBI TELAXYMP.
  4318 | D:5      | 4318 ||| READING scroll labelled ANORGH MAOMI.
  4319 | D:5      | 4319 ||| DROPPING potion of ambrosia.
  4320 | D:5      | 4320 ||| DROPPING potion of brilliance.
  4383 | D:6      | Found a runed translucent gate.
  4384 | D:6      | Found a runed translucent gate.
  4385 | D:6      | Found a runed translucent gate.
  4389 | D:6      | Noticed a spectral unseen horror
  4389 | D:6      | Noticed qw's ghost (novice GrHu)
  4417 | D:6      | 4417 ||| FLEEEEING.
  4418 | D:6      | 4418 ||| FLEEEEING.
  4419 | D:6      | 4419 ||| FLEEEEING.
  4420 | D:6      | 4420 ||| FLEEEEING.
  4421 | D:6      | 4421 ||| FLEEEEING.
  4422 | D:6      | 4422 ||| FLEEEEING.
  4423 | D:6      | 4423 ||| FLEEEEING.
  4424 | D:6      | 4424 ||| FLEEEEING.
  4425 | D:6      | 4425 ||| FLEEEEING.
  4426 | D:6      | 4426 ||| FLEEEEING.
  4427 | D:6      | 4427 ||| FLEEEEING.
  4428 | D:6      | 4428 ||| FLEEEEING.
  4429 | D:6      | 4429 ||| FLEEEEING.
  4430 | D:6      | 4430 ||| FLEEEEING.
  4431 | D:6      | 4431 ||| FLEEEEING.
  4432 | D:6      | 4432 ||| FLEEEEING.
  4437 | D:6      | 4437 ||| FLEEEEING.
  4438 | D:6      | 4438 ||| FLEEEEING.
  4439 | D:6      | 4439 ||| FLEEEEING.
  4440 | D:6      | 4440 ||| FLEEEEING.
  4441 | D:6      | 4441 ||| FLEEEEING.
  4442 | D:6      | 4442 ||| FLEEEEING.
  4443 | D:6      | 4443 ||| FLEEEEING.
  4444 | D:6      | 4444 ||| FLEEEEING.
  4445 | D:6      | 4445 ||| FLEEEEING.
  4446 | D:6      | 4446 ||| FLEEEEING.
  4447 | D:6      | 4447 ||| FLEEEEING.
  4448 | D:6      | 4448 ||| STAIRDANCE
  4467 | D:6      | 4467 ||| STAIRDANCE
  4518 | D:6      | 4518 ||| STAIRDANCE
  4530 | D:6      | 4530 ||| STAIRDANCE
  4533 | D:5      | 4533 ||| FLEEEEING.
  4567 | D:6      | 4567 ||| STAIRDANCE
  4645 | D:6      | Reached XP level 8. HP: 49/49 MP: 8/8
  4653 | D:6      | Noticed Jeremiah
  4676 | D:6      | 4676 ||| FLEEEEING.
  4677 | D:6      | 4677 ||| FLEEEEING.
  4688 | D:6      | HP: 8/49 [Jeremiah/+3 trident of draining (7)]
  4689 | D:6      | 4689 ||| READING 2 scrolls of teleportation.
  4690 | D:6      | 4690 ||| DRINKING potion of heal wounds.
  4817 | D:6      | Found a shimmering altar of Xom.
  4839 | D:6      | Paralysed by a crimson imp for 1 turns
  4846 | D:6      | Reached skill level 9 in Ranged Weapons
  4953 | D:6      | 4953 ||| FLEEEEING.
  4954 | D:6      | 4954 ||| FLEEEEING.
  4955 | D:6      | 4955 ||| FLEEEEING.
  4956 | D:6      | 4956 ||| FLEEEEING.
  4957 | D:6      | 4957 ||| FLEEEEING.
  4966 | D:6      | 4966 ||| STAIRDANCE
  4994 | D:5      | 4994 ||| UPGRADING to +6 ring of dexterity.
  5005 | D:6      | 5005 ||| FLEEEEING.
  5010 | D:6      | 5010 ||| STAIRDANCE
  5067 | D:6      | 5067 ||| STAIRDANCE
  5069 | D:5      | 5069 ||| FLEEEEING.
  5116 | D:6      | 5116 ||| STAIRDANCE
  5118 | D:5      | 5118 ||| FLEEEEING.
  5171 | D:6      | 5171 ||| STAIRDANCE
  5173 | D:5      | 5173 ||| FLEEEEING.
  5222 | D:6      | 5222 ||| STAIRDANCE
  5224 | D:5      | 5224 ||| FLEEEEING.
  5310 | D:6      | 5310 ||| FLEEEEING.
  5311 | D:6      | 5311 ||| FLEEEEING.
  5312 | D:6      | 5312 ||| FLEEEEING.
  5313 | D:6      | 5313 ||| FLEEEEING.
  5314 | D:6      | 5314 ||| FLEEEEING.
  5316 | D:6      | 5316 ||| FLEEEEING.
  5317 | D:6      | 5317 ||| FLEEEEING.
  5318 | D:6      | 5318 ||| FLEEEEING.
  5319 | D:6      | 5319 ||| FLEEEEING.
  5320 | D:6      | 5320 ||| FLEEEEING.
  5323 | D:6      | 5323 ||| FLEEEEING.
  5324 | D:6      | 5324 ||| FLEEEEING.
  5325 | D:6      | 5325 ||| FLEEEEING.
  5326 | D:6      | 5326 ||| FLEEEEING.
  5328 | D:6      | 5328 ||| FLEEEEING.
  5329 | D:6      | 5329 ||| FLEEEEING.
  5336 | D:6      | 5336 ||| FLEEEEING.
  5338 | D:6      | 5338 ||| FLEEEEING.
  5342 | D:6      | 5342 ||| FLEEEEING.
  5343 | D:6      | 5343 ||| FLEEEEING.
  5344 | D:6      | 5344 ||| FLEEEEING.
  5345 | D:6      | 5345 ||| FLEEEEING.
  5346 | D:6      | 5346 ||| FLEEEEING.
  5347 | D:6      | 5347 ||| FLEEEEING.
  5350 | D:6      | 5350 ||| FLEEEEING.
  5351 | D:6      | 5351 ||| FLEEEEING.
  5352 | D:6      | 5352 ||| FLEEEEING.
  5353 | D:6      | 5353 ||| FLEEEEING.
  5354 | D:6      | 5354 ||| FLEEEEING.
  5356 | D:6      | 5356 ||| STAIRDANCE
  5363 | D:5      | 5363 ||| STAIRDANCE
  5423 | D:6      | 5423 ||| FLEEEEING.
  5426 | D:6      | Killed Jeremiah
  5427 | D:6      | Reached skill level 6 in Fighting
  5476 | D:6      | Noticed Sigmund
  5485 | D:6      | Killed Sigmund
  5486 | D:6      | Reached skill level 3 in Dodging
  5713 | D:6      | 5713 ||| UPGRADING to +1 robe of willpower.
  5723 | D:6      | 5723 ||| READING scroll of identify.
  5723 | D:6      | 5723 ||| IDENTIFYING sedimented pink potion
  5724 | D:6      | 5724 ||| DROPPING potion of lignification.
  5776 | D:7      | Reached XP level 9. HP: 56/56 MP: 9/9
  5798 | D:7      | 5798 ||| FLEEEEING.
  5869 | D:7      | Reached skill level 10 in Ranged Weapons
  5871 | D:7      | 5871 ||| FLEEEEING.
  6138 | D:7      | HP: 9/57 [orc priest/divine providence (13)]
  6139 | D:7      | 6139 ||| READING scroll of teleportation.
  6140 | D:7      | 6140 ||| DRINKING potion of heal wounds.
  6272 | D:7      | Found a runed translucent door.
  6272 | D:7      | Noticed qw's ghost (novice GrHu)
  6583 | D:7      | Found a staircase to the Ecumenical Temple.
  6584 | D:7      | 6584 ||| PLANNING TEMPLE
  6584 | D:7      | 6584 ||| UPGRADING to +0 helmet of see invisible.
  6589 | D:7      | 6589 ||| DROPPING amulet of magic regeneration.
  6598 | Temple   | Entered the Ecumenical Temple
  6599 | Temple   | 6599 ||| PLANNING OKAWARU WORSHIP
  6607 | Temple   | Became a worshipper of Warmaster Okawaru
  6608 | Temple   | 6608 ||| PLANNING D:1-11
  6908 | D:7      | 6908 ||| READING scroll of identify.
  6908 | D:7      | 6908 ||| IDENTIFYING fuming white potion
  7033 | D:8      | Found a glowing silver altar of Zin.
  7112 | D:8      | 7112 ||| FLEEEEING.
  7257 | D:8      | 7257 ||| FLEEEEING.
  7261 | D:8      | 7261 ||| RETREEEEATING.
  7262 | D:8      | 7262 ||| RETREEEEATING.
  7263 | D:8      | 7263 ||| RETREEEEATING.
  7265 | D:8      | 7265 ||| RETREEEEATING.
  7278 | D:8      | HP: 13/57 [gnoll/+0 spear[a gnoll sergeant] (7)]
  7282 | D:8      | Reached skill level 11 in Ranged Weapons
  7283 | D:8      | 7283 ||| RETREEEEATING.
  7287 | D:8      | HP: 9/57 [gnoll/+0 halberd[a gnoll sergeant] (3)]
  7288 | D:8      | Slain by a gnoll

Levels and vault maps discovered:
D:1:      shiori_arrival_whats_in_store_for_you, layout_loops_ring,
          dilly_ecumenical_altar_fadedgnrine
D:2:      layout_loops_ring, serial_forest, infiniplex_forest_3_way,
          infiniplex_forest_3_way, infiniplex_forest_straight_2,
          infiniplex_forest_clump_small, infiniplex_forest_end_3,
          infiniplex_forest_zigzag_2
D:3:      kennysheep_six_static_rooms, layout_loops_ring, minivault_24
D:4:      layout_rooms, serial_shops, nicolae_shop_bloodbath_and_beyond
D:5:      old_forge, layout_layer_cave, ashenzari_conservatory_becter,
          serial_shops, nicolae_shop_mannequins
D:6:      layout_gridville, led_xom_imps, gammafunk_ghost_necromancy,
          uniq_sigmund, uniq_jeremiah
D:7:      layout_loops_ring, minmay_temple_entry_hall,
          lightli_bailey_entry_fortress, ebering_ghost_reflecting_pool,
          hangedman_abyss_or_decor_jellyfish_corner, kennysheep_crisscross
D:8:      layout_basic, mainiacjoe_overflow_alcove_2,
          mainiacjoe_overflow_alcove_4, minmay_misc_feat_square
Temple:   hellmonk_temple_two_chambers

Skill      XL: |  1  2  3  4  5  6  7  8  9 |
---------------+----------------------------+-----
Ranged Weapons | 5 6 7 8 9 11 | 11.0
Armour         | 1 2 |  2.3
Fighting       | 3 4 5 6 7 |  7.0
Dodging        | 3 4 |  4.0
Stealth        | |  1.1

Action                     |  1- 3 |  4- 6 |  7- 9 || total
---------------------------+-------+-------+-------++-------
   Fire: Shortbow          |   130 |   152 |   474 ||   756
    Use: Scroll            |     7 |     7 |     8 ||    22
         Potion            |     1 |     3 |     2 ||     6
 Armour: Leather armour    |    16 |       |       ||    16
         Ring mail         |    17 |    84 |    99 ||   200
         Robe              |       |       |    94 ||    94
  Dodge: Dodged            |    35 |    67 |   195 ||   297

Table legend:
 A = Non-vault XP
 B = Vault XP
 C = Vault XP percentage of total XP
 D = Non-vault monster count
 E = Vault monster count
 F = Vault count percentage of total count
                 A         B        C        D         E       F
            +---------+---------+-------+---------+---------+-------
      Total |    2892 |    1038 |  26.4 |     116 |      26 |  18.3
            +---------+---------+-------+---------+---------+-------
        D:1 |      44 |       0 |   0.0 |      26 |       0 |   0.0
        D:2 |      29 |       0 |   0.0 |      11 |       0 |   0.0
        D:3 |      55 |      24 |  30.4 |       7 |       6 |  46.2
        D:4 |      67 |       0 |   0.0 |       7 |       0 |   0.0
        D:5 |     627 |     163 |  20.6 |      14 |       2 |  12.5
        D:6 |     513 |     799 |  60.9 |      12 |       6 |  33.3
        D:7 |    1168 |      52 |   4.3 |      29 |      12 |  29.3
        D:8 |     389 |       0 |   0.0 |      10 |       0 |   0.0
            +---------+---------+-------+---------+---------+-------
